 Dungeon Crawl Stone Soup version 0.32-a0-422-g28b100f618 (webtiles) character file.

Game seed: 123970827631304677

4671 Alarak the Thaumaturge (level 10, -4/64 HPs)
             Began as a Djinni Fire Elementalist on Feb 21, 2024.
             Was an Initiate of Ashenzari.
             Slain by a wight
             ... wielding a +3 great sword
              (9 damage)
             ... on level 7 of the Dungeon.
             The game lasted 00:25:30 (7495 turns).

Alarak the Thaumaturge (Djinni Fire Elementalist)   Turns: 7495, Time: 00:25:31

Health: -4/64      AC:  2    Str:  7    XL:     10   Next: 71%
Gold:   335        EV: 12    Int: 21    God:    Ashenzari [......] SH:  0 Dex: 14

rFire   + + +        (no weapon)
rCold   x . .        (no shield)
rNeg    . . .        a - +0 robe
rPois   ∞            (no helmet)
rElec   .            (no cloak)
rCorr   .            (no gloves)
SInv    .            (boots unavailable)
Will    ++...        (no amulet)
Stlth   ++           m - ring of Ashenzari's Yoke {Will+, Dev, Self} (curse)
HPRegen 0.30/turn    e - ring of protection from fire
MPRegen 0.00/turn

%: infuse magic (-5 HP)
@: flying
A: sickness immunity, fire resistance 2, cold vulnerability 1, float, innate
caster, HP casting, extra vitality 1
a: Renounce Religion, Shatter the Chains


You were on level 7 of the Dungeon.
You worshipped Ashenzari.
Ashenzari was noncommittal.
You visited 2 branches of the dungeon, and saw 9 of its levels.
You also visited: Bailey.

You collected 363 gold pieces.
You spent 28 gold pieces at shops.

Inventory:

Hand Weapons
 k - a +1 quarterstaff of draining
 q - a +3 flail of protection
Armour
 a - a +0 robe (worn)
 v - a +0 leather armour of fire resistance
Jewellery
 e - a ring of protection from fire (right hand)
 m - the cursed ring of Ashenzari's Yoke (left hand) {Will+, Dev, Self}
   (You found it on level 6 of the Dungeon)

   [ring of willpower]

   Will+:     It increases your willpower.
   It has a curse which improves the following skills: Devices: Evocations and
   Shapeshifting.
   Introspection: Fighting and Spellcasting.
Scrolls
 c - a scroll of enchant weapon
 g - a scroll of vulnerability
 l - a scroll of blinking
 n - a scroll of fog
 o - 2 scrolls of enchant armour {unknown}
 p - 5 scrolls of teleportation
 r - a scroll of poison
 u - a scroll of fear
 w - a scroll of amnesia {unknown}
Potions
 b - a potion of mutation
 d - 5 potions of heal wounds
 f - 5 potions of curing
 h - 2 potions of attraction
 i - a potion of cancellation
 j - a potion of invisibility
 s - a potion of resistance


   Skills:
 + Level 1.6(2.0) Fighting
 - Level 2.6 Dodging
 - Level 2.0 Stealth
 - Level 11.9(12.3) Spellcasting
 - Level 11.9 Conjurations
 - Level 11.9 Hexes
 - Level 11.9 Summonings
 - Level 11.9 Necromancy
 - Level 11.9 Translocations
 - Level 11.9 Fire Magic
 - Level 11.9 Ice Magic
 - Level 11.9 Air Magic
 - Level 11.9 Earth Magic
 - Level 11.9 Alchemy


You knew the following spells:

 Your Spells              Type           Power      Damage    Failure   Level
a - Foxfire               Conj/Fire      100%       2x1d9     1%          1
b - Scorch                Fire           100%       2d9       1%          2
c - Volatile Blastmotes   Fire/Tloc      100%       2d18      1%          3
d - Inner Flame           Hex/Fire       58%        N/A       1%          3
e - Flame Wave            Conj/Fire      58%        2d14      1%          4
f - Summon Small Mammal   Summ           100%       N/A       1%          1
g - Call Imp              Summ           100%       N/A       1%          2
h - Stone Arrow           Conj/Erth      100%       3d13      1%          3
i - Passage of Golubria   Tloc           58%        N/A       1%          4
Your spell library was empty.

Dungeon Overview and Level Annotations

Branches:
Dungeon (8/15)             Temple (1/1) D:4          Bailey (visited)
   Lair: D:8-11

Altars:
Ashenzari
Dithmenos
Fedhas
Gozag
Hepliaklqana
Makhleb
Nemelex Xobeh
Ru
Trog
Uskayaw
Wu Jian
Xom
Yredelemnul
Zin
The Shining One

Shops:
D:3 ?   D:6 *


Innate Abilities, Weirdness & Mutations

You are immune to sickness and miasma.
You are immune to poison.
Your flesh is very heat resistant. (rF++)
You are vulnerable to cold. (rC-)
You float through the air rather than walking.
You learn spells naturally, not from books.
Your magical power is your life essence.
You have superior vitality. (+4 MHP)


Message History

You fly upwards.
There is a stone staircase leading down here.
Casting: Scorch (safe; 1% risk of failure)
Confirm with . or Enter, or press ? or * to list all spells.
Flames lash the wight.
The wight is almost destroyed.
The wight's fire resistance burns away.
The wight hits you with a +4 hand axe.
Casting: Scorch (safe; 1% risk of failure)
Confirm with . or Enter, or press ? or * to list all spells.
Flames lash the wight.
The wight is burned terribly!
You destroy the wight!
You start resting.
HP restored.
Things that are here:
a +4 hand axe; a +0 robe
There is a stone staircase leading down here.
You fly downwards.
The bullfrog hits you!
The wight hits you with a +3 great sword.
The bullfrog hits you.
The wight hits you with a +3 great sword!!
There is a stone staircase leading up here.
The bullfrog hits you. The bullfrog misses you. The wight barely misses you.
You fly upwards.
There is a stone staircase leading down here.
Casting: Scorch (safe; 1% risk of failure)
Confirm with . or Enter, or press ? or * to list all spells.
Flames lash the wight.
The wight is moderately damaged.
The wight's fire resistance burns away.
The bullfrog closely misses you.
The wight hits you with a +3 great sword!
* * * LOW HITPOINT WARNING * * *
Casting: Scorch (safe; 1% risk of failure)
Confirm with . or Enter, or press ? or * to list all spells.
Flames lash the wight.
The wight is burned terribly!
The wight is severely damaged.
* * * LOW HITPOINT WARNING * * *
The bullfrog barely misses you. The bullfrog hits you.
* * * LOW HITPOINT WARNING * * *
The wight hits you with a +3 great sword!
You die...

........#.......##
.................#
....)............#
.....###[......###
..#...#........#
..##.####.....#####
.....###........#.##
.........[.###..Fz.##
..##......###...@...#
...#..###.##....[..##
......###..#..#....#
......#.......#.#..##
#........[....##....#
##......#.....##..###
##......##........#
.................##
..........#......#####


You could see a bullfrog and a wight (combustible).

Vanquished Creatures
  An orc knight (Bailey)
  Pikel (D:5)
  A deep elf pyromancer (Bailey)
  A wraith (D:7)
  Eustachio (D:5)
  Edmund (D:5)
  A water moccasin (D:6)
  5 orc warriors (Bailey)
  2 black bears
  An ice beast (D:6)
  2 ogres
  A centaur (D:7)
  A phantom (D:6)
  A gnoll sergeant (D:8)
  A kobold brigand (D:7)
  A bullfrog (D:7)
  2 scorpions
  6 wights
  A howler monkey (D:5)
  2 jellies
  5 hounds
  2 bombardier beetles
  A gnoll bouda (D:6)
  3 orc priests
  3 iguanas
  A sleepcap (D:7)
  6 orc wizards
  10 adders
  9 gnolls
  A shadow imp (D:6)
  3 white imps
  6 ufetubi (D:6)
  A ribbon worm (D:2)
  4 dart slugs
  28 orcs
  3 ball pythons
  2 bats (D:3)
  7 endoplasms
  2 giant cockroaches
  11 goblins
  6 hobgoblins
  2 jackals (D:4)
  2 frilled lizards
  8 kobolds
  4 rats
163 creatures vanquished.

Vanquished Creatures (collateral kills)
  A sleepcap (D:5)
  A foxfire (D:6)
2 creatures vanquished.

Vanquished Creatures (others)
  512 foxfires
512 creatures vanquished.

Grand Total: 677 creatures vanquished

Notes
Turn   | Place    | Note
-------+----------+-------------------------------------------
     0 | D:1      | Alarak the Djinni Fire Elementalist began the quest for the
                  | Orb.
     0 | D:1      | Alarak set off with the following spells memorised:
                  | Foxfire, Scorch, Volatile Blastmotes, Inner Flame, Flame
                  | Wave.
     0 | D:1      | Reached XP level 1. HP: 15/15 MP: 0/0
   104 | D:1      | Reached XP level 2. HP: 16/21 MP: 0/0
   342 | D:1      | Reached XP level 3. HP: 24/25 MP: 0/0
   342 | D:1      | Learned a level 1 spell: Summon Small Mammal
   640 | D:2      | Reached XP level 4. HP: 28/31 MP: 0/0
   938 | D:2      | Found a shimmering altar of Xom.
  1449 | D:3      | Found a blossoming altar of Fedhas.
  1943 | D:3      | Reached XP level 5. HP: 33/35 MP: 0/0
  1943 | D:3      | Learned a level 2 spell: Call Imp
  1981 | D:3      | Found Feibb's Magic Scroll Shop.
  1998 | D:3      | Bought a scroll of identify for 28 gold pieces
  2580 | D:4      | Reached skill level 5 in Spellcasting
  2580 | D:4      | Reached skill level 5 in Conjurations
  2580 | D:4      | Reached skill level 5 in Hexes
  2580 | D:4      | Reached skill level 5 in Summonings
  2580 | D:4      | Reached skill level 5 in Necromancy
  2580 | D:4      | Reached skill level 5 in Translocations
  2580 | D:4      | Reached skill level 5 in Fire Magic
  2580 | D:4      | Reached skill level 5 in Ice Magic
  2580 | D:4      | Reached skill level 5 in Air Magic
  2580 | D:4      | Reached skill level 5 in Earth Magic
  2580 | D:4      | Reached skill level 5 in Alchemy
  2580 | D:4      | Reached XP level 6. HP: 30/40 MP: 0/0
  2929 | D:4      | Found a staircase to the Ecumenical Temple.
  2938 | Temple   | Entered the Ecumenical Temple
  2949 | Temple   | Became a worshipper of Ashenzari the Shackled
  3211 | D:5      | Entered Level 5 of the Dungeon
  3351 | D:5      | Reached XP level 7. HP: 31/45 MP: 0/0
  3351 | D:5      | Learned a level 3 spell: Stone Arrow
  3626 | D:5      | Noticed Pikel
  3630 | D:5      | Killed Pikel
  3631 | D:5      | Reached XP level 8. HP: 39/50 MP: 0/0
  3651 | D:5      | Noticed Eustachio
  3654 | D:5      | Killed Eustachio
  3965 | D:5      | Noticed Edmund
  3972 | D:5      | Killed Edmund
  3973 | D:5      | Reached XP level 9. HP: 26/55 MP: 0/0
  3973 | D:5      | Learned a level 4 spell: Passage of Golubria
  4172 | D:5      | Found an opulent altar of Gozag.
  4173 | D:5      | Found a sparkling altar of Nemelex Xobeh.
  5033 | D:6      | Reached skill level 10 in Spellcasting
  5033 | D:6      | Reached skill level 10 in Conjurations
  5033 | D:6      | Reached skill level 10 in Hexes
  5033 | D:6      | Reached skill level 10 in Summonings
  5033 | D:6      | Reached skill level 10 in Necromancy
  5033 | D:6      | Reached skill level 10 in Translocations
  5033 | D:6      | Reached skill level 10 in Fire Magic
  5033 | D:6      | Reached skill level 10 in Ice Magic
  5033 | D:6      | Reached skill level 10 in Air Magic
  5033 | D:6      | Reached skill level 10 in Earth Magic
  5033 | D:6      | Reached skill level 10 in Alchemy
  5708 | D:6      | Found Tipafixt's CLEARANCE SALE!.
  6014 | D:7      | Reached XP level 10. HP: 38/60 MP: 0/0
  6058 | D:7      | Found a flagged portal.
  6171 | Bailey   | Entered a bailey
  6246 | Bailey   | Noticed an orc knight
  6256 | Bailey   | Killed an orc knight
  6484 | Bailey   | Found a large runed translucent door.
  6484 | Bailey   | Found a large runed translucent door.
  6485 | Bailey   | Noticed a deep elf pyromancer
  6602 | Bailey   | Killed a deep elf pyromancer
  6948 | D:7      | Found a burning altar of Makhleb.
  7272 | D:8      | Reached skill level 1 in Fighting
  7495 | D:7      | Slain by a wight

Illustrated notes

Levels and vault maps discovered:
D:1:      saegor_arrival_simple_c, layout_basic
D:2:      layout_basic, basic_altar
D:3:      layout_loops_ring, fedhas_ov_isle_minmay, serial_shops, shop
D:4:      layout_basic, temple_statues
D:5:      layout_rooms, grunt_temple_overflow_opulence,
          serial_library_regret_index_split_case, uniq_eustachio, uniq_pikel,
          uniq_edmund
D:6:      layout_layer_cave, mainiacjoe_overflow_tiny_flanked, serial_library,
          serial_library_regret_index_multi, serial_library_hellmonk_metal_room,
          serial_library_hellmonk_semicircle,
          serial_library_hellmonk_open_cross, serial_library_hellmonk_hallway_b,
          nicolae_shop_clearance
D:7:      layout_cave_pools, makhleb_heckhound_becter, enter_bailey_3
D:8:      layout_cave_pools, nicolae_overflow_hidden_temple,
          grunt_temple_overflow_cloverleaf, minmay_misc_feat_enclosed
Temple:   hellmonk_temple_flake

Skill      XL: |  1  2  3  4  5  6  7  8  9 10 |
---------------+-------------------------------+-----
Stealth        | 2 |  2.0
Spellcasting   | 4 5 7 8 10 11 | 11.9
Conjurations   | 4 5 7 8 10 11 | 11.9
Hexes          | 4 5 7 8 10 11 | 11.9
Summonings     | 4 5 7 8 10 11 | 11.9
Necromancy     | 4 5 7 8 10 11 | 11.9
Translocations | 4 5 7 8 10 11 | 11.9
Fire Magic     | 4 5 7 8 10 11 | 11.9
Ice Magic      | 4 5 7 8 10 11 | 11.9
Air Magic      | 4 5 7 8 10 11 | 11.9
Earth Magic    | 4 5 7 8 10 11 | 11.9
Alchemy        | 4 5 7 8 10 11 | 11.9
Fighting       | 1 |  1.6
Dodging        | |  2.6

Action                     |  1- 3 |  4- 6 |  7- 9 | 10-12 || total
---------------------------+-------+-------+-------+-------++-------
   Cast: Foxfire           |    38 |    74 |   117 |    76 ||   305
         Scorch            |     2 |    38 |    23 |    17 ||    80
         Inner Flame       |       |     3 |    42 |    21 ||    66
         Volatile Blastmot |       |     1 |       |     2 ||     3
         Call Imp          |       |       |     5 |     2 ||     7
         Stone Arrow       |       |       |     4 |       ||     4
         Summon Small Mamm |       |       |     3 |       ||     3
         Passage of Golubr |       |       |     2 |       ||     2
         Flame Wave        |       |       |       |     1 ||     1
 Invoke: Curse Item        |       |       |       |     1 ||     1
    Use: Scroll            |     2 |     6 |     5 |     3 ||    16
 Armour: Robe              |     2 |    13 |     7 |    13 ||    35
  Dodge: Dodged            |     5 |    15 |     2 |     7 ||    29

Table legend: (Time is in decaauts)
 A = Elapsed time spent in this place.
 B = Non-inter-level travel time spent in this place.
 C = Inter-level travel time spent in this place.
 D = Time resting spent in this place.
 E = Time spent auto-exploring this place.
 F = Levels seen in this place.
 G = Mean time per level.
                   A        B        C        D        E       F      G
               +--------+--------+--------+--------+--------+-----+--------+
         Total |   7499 |   7261 |    238 |   1776 |   4548 |  10 |  749.9 |
       Dungeon |   6863 |   6646 |    217 |   1494 |   4386 |   8 |  857.9 |
        Temple |     22 |      1 |     21 |      0 |      0 |   1 |   22.0 |
        Bailey |    613 |    613 |      0 |    282 |    162 |   1 |  613.0 |
               +--------+--------+--------+--------+--------+-----+--------+

Top non-repeatable levels by time:
     D:6: 1552 daAuts
     D:3: 1104 daAuts
     D:5: 1076 daAuts
     D:2: 843 daAuts
     D:7: 835 daAuts
     D:4: 819 daAuts
  Bailey: 613 daAuts
     D:1: 541 daAuts
     D:8: 90 daAuts
  Temple: 22 daAuts
